Cogmind - Beta 14 @@@ ROGUE MODE // 2024.12.31 @ 15:57:20 Player: Demo Result: Destroyed by as-08232 with Assembled F-torch Performance ------------- Evolutions (0) 0 Regions Visited (0) 0 Robots Destroyed (2) 10 Value Destroyed (13) 13 Prototype IDs (0) 0 Alien Tech Used (0) 0 Bonus (0) 0 TOTAL SCORE: 23 Bonus ------- None Cogmind --------- Core Integrity 0/250 Matter 257/300 Energy 67/100 System Corruption 0% Temperature Cool (20) Movement Hovering (77) Location -11/Scrapyard Parts ------- > --- POWER (1) -------- (None) > --- PROPULSION (2) --- Combat Airjet Combat Airjet > --- UTILITY (2) ------ Seismic Detector > --- WEAPON (2) ------- (None) > --- INVENTORY (5) ---- Compact Wheel Peak State ------------ > --- POWER ------------ Light Deuterium Engine > --- PROPULSION ------- Combat Airjet Combat Airjet > --- UTILITY ---------- Seismic Detector > --- WEAPON ----------- Small Laser > --- INVENTORY -------- Compact Wheel [Rating: 15] Favorites ----------- Power Ion Engine Engine Ion Engine Propulsion Light Treads Treads Light Treads Wheel Wheel Hover Unit Combat Airjet Utility Small Storage Unit Device Seismic Detector Storage Small Storage Unit Weapon Small Laser Energy Gun Small Laser Special Weapon Mining Laser Build | -11 ------- Run | Yrd Slots Evolved . | . Power . | . Propulsion . | . Utility . | . Weapon . | . Parts Attached 17 | 17 Power 2 | 2 Engine 2 | 2 Core . | . Reactor . | . Propulsion 9 | 9 Treads 3 | 3 Leg . | . Wheel 4 | 4 Hover 2 | 2 Flight . | . Utility 2 | 2 Device 1 | 1 Storage 1 | 1 Processor . | . Hackware . | . Protection . | . Artifact . | . Weapon 4 | 4 Energy Gun 3 | 3 Energy Cannon . | . Ballistic Gun . | . Ballistic Cannon . | . Launcher . | . Special Weapon 1 | 1 Impact Weapon . | . Slashing Weapon . | . Piercing Weapon . | . Special Melee Weapon . | . Unidentified Prototypes . | . Parts Lost 4 | 4 Power 1 | 1 Propulsion 2 | 2 Utility . | . Weapon 1 | 1 Highest Loss Streak 4 | 4 To Critical Strikes . | . Average Slot Usage (%) . | . Peak Build Rating 15 | 15 Average Rating 4 | 4 On Entrance . | . Naked Turns . | . Heaviest Build 12 | 12 Greatest Support 24 | 24 Greatest Overweight (x) 1 | 1 Average Overweight (x) . | . Largest Inventory Capacity 8 | 8 Average Capacity 7 | 7 Most Carried 7 | 7 Average Carried 6 | 6 Final Capacity 5 | 5 Final Carried 1 | 1 Class Distribution -------------------- None Dominant Class ---------------- None Resources | -11 ----------- Run | Yrd Matter Collected 317 | 317 Remotely . | . Salvage Created 92 | 92 Parts 6 | 6 Haulers Intercepted . | . Recyclers Shooed 1 | 1 Parts Field Recycled . | . Retrieved Matter . | . Parts Self-Destructed . | . Prevented . | . Kills | -11 ------- Run | Yrd Combat Hostiles Destroyed . | . Classes Destroyed 2 | 2 Tunneler 1 | 1 Recycler 1 | 1 Best Kill Streak 2 | 2 Combat Bots Only . | . Max Kills in Single Turn 1 | 1 Gunslinging . | . Exploded . | . Melee . | . Uniques/NPCs Destroyed . | . Combat | -11 -------- Run | Yrd Hostile Shots Fired 71 | 71 Missed 21 | 21 Damage Taken 711 | 711 Core 253 | 253 Absorbed by Shields . | . Core Remaining (%) . | . Volleys Fired 10 | 10 Largest 2 | 2 Hottest 100 | 100 Shots Fired 18 | 18 Gun 16 | 16 Cannon . | . Launcher . | . Special 2 | 2 Kinetic . | . Thermal 18 | 18 Explosive . | . Electromagnetic . | . Robot Hit Streak 4 | 4 Robot Miss Streak 1 | 1 Penetration Max . | . Secondary Targets . | . Shots Hit Robots 10 | 10 Core Hits 3 | 3 Critical Kills . | . Critical Parts Destroyed . | . Critical Strikes . | . Melee Attacks . | . Impact . | . Slashing . | . Piercing . | . Sneak Attacks . | . Combat Hostiles . | . Follow-up Attacks . | . Damage Inflicted 106 | 106 Guns 106 | 106 Cannons . | . Explosions . | . Melee . | . Ramming . | . Kinetic . | . Thermal 106 | 106 Explosive . | . Electromagnetic . | . Impact . | . Slashing . | . Piercing . | . Highest Corruption . | . Average Corruption . | . Corruption Purged . | . Corruption Blocked . | . Overload Shots . | . Overflow Damage . | . Projectiles . | . Explosions . | . Melee . | . Knockbacks . | . Impact . | . Kinetic . | . Secondary . | . Self-Inflicted Damage . | . Shots . | . Rammed . | . Targets Rammed . | . Kicked . | . Crushed . | . Highest Temperature 20 | 20 Average Temperature 6 | 6 Received Heat Transfer 80 | 80 Siege Activations . | . Robots Corrupted . | . Combat Hostiles . | . Parts Fried . | . Impact Corruptions . | . Robots Melted . | . Combat Hostiles . | . Parts Melted . | . Heat Transferred 250 | 250 Parts Sabotaged . | . Parts Stolen . | . Parts Stripped . | . Power Chain Reactions . | . Alert | -11 ------- Run | Yrd Peak Influence 15 | 15 Initial . | . Average 6 | 6 Maximum Alert Level . | . Low Security (%) 100 | 100 Level 1 . | . Level 2 . | . Level 3 . | . Level 4 . | . Level 5 . | . High Security . | . Max Security . | . Squads Dispatched . | . Investigation . | . Extermination . | . Reinforcement . | . Assault . | . Garrison . | . Intercept . | . Searches Triggered . | . Construction Impeded . | . Haulers Reinforced . | . Active Scanning Responses . | . Cargo Convoy Interrupts . | . Stealth | -11 --------- Run | Yrd Distress Signals . | . Communications Jammed . | . Distress Signals . | . Times Spotted 32 | 32 Peak Tracking Total 22 | 22 Tactical Retreats 3 | 3 Traps | -11 ------- Run | Yrd Traps Triggered . | . Indirectly . | . Trap Hack Attempts . | . Triggered . | . Disarmed . | . Reprogrammed . | . Reused . | . Traps Extracted . | . Installed . | . Triggered . | . Machines | -11 ---------- Run | Yrd Machines Disabled . | . Max in Single Turn . | . Machines Repaired . | . Machines Dismantled . | . Machines Sabotaged . | . Overloaded Fab Kills . | . Hacking | -11 --------- Run | Yrd Machines Accessed . | . Terminals . | . Fabricators . | . Repair Stations . | . Recycling Units . | . Scanalyzers . | . Garrison Access . | . Total Hacks . | . Successful . | . Failed . | . Catastrophic . | . Database Lockouts . | . Manual . | . Terminals . | . Fabricators . | . Repair Stations . | . Recycling Units . | . Scanalyzers . | . Garrison Access . | . Terminal Hacks . | . Fabricator Hacks . | . Repair Station Hacks . | . Recycling Unit Hacks . | . Scanalyzer . | . Garrison Access Hacks . | . Unauthorized Hacks . | . Terminals . | . Fabricators . | . Repair Stations . | . Recycling Units . | . Scanalyzers . | . Garrison Access . | . Data Cores Recovered . | . Used . | . Hacking Detections . | . Full Trace Events . | . Feedback Events . | . Feedback Blocked . | . Robot Schematics Acquired . | . Robots Built . | . Authchips . | . Time . | . Total Robot Build Rating . | . Part Schematics Acquired . | . Parts Built . | . Authchips . | . Time . | . Total Part Build Rating . | . Parts Repaired . | . Time . | . Parts Recycled . | . Recycled Matter . | . Retrieved Matter . | . Retrieved Components . | . Parts Scanalyzed . | . Part Schematics Acquired . | . Parts Damaged . | . Bothacking | -11 ------------ Run | Yrd Used RIF Installer . | . Robots Hacked . | . Non-combat . | . Combat . | . Robot Hacks Applied . | . Relay Couplers Released . | . Fabnet Peak Effective % . | . Robots Rewired . | . Allies Hacked . | . Hacks Repelled . | . Allies | -11 -------- Run | Yrd Total Allies . | . Largest Group . | . Highest-Rated Group . | . Highest-Rated Ally . | . Total Orders . | . Ally Attacks . | . Total Damage . | . Kills . | . Allies Corrupted . | . Allies Melted . | . Intel | -11 ------- Run | Yrd Robot Analysis Total . | . Derelict Logs Recovered . | . Drone Launches . | . Drone Recoveries . | . Exploration | -11 ------------- Run | Yrd Turns Passed 565 | 565 Spaces Moved 173 | 173 Core 53 | 53 Treads . | . Legs . | . Wheels 111 | 111 Hover 9 | 9 Flight . | . Fastest Speed 50 | 50 Average Speed 72 | 72 Slowest Speed 95 | 95 Overloaded Moves . | . Propulsion Burnouts . | . Robots Hopped . | . Cave-ins Triggered . | . Exploration Rate (%) 13 | 13 Regions Visited . Branch Regions . Pre-discovered Areas . | . Known Exits Taken . | . Unknown Exits Taken . | . Scrap Searched . | . Spaces Dug 2 | 2 Terrain Destroyed 2 | 2 Melee . | . Projectile 2 | 2 AOE . | . Terrain Rammed . | . Walls Destroyed . | . Machines Disabled . | . Actions | -11 --------- Run | Yrd Total 588 | 588 Wait 373 | 373 Move 173 | 173 Hop . | . Pick Up 14 | 14 Fast Attach 2 | 2 Attach 11 | 11 Detach . | . Swap 4 | 4 Drop 1 | 1 Fire 10 | 10 Melee . | . Ram . | . Kick . | . Crush . | . Escape Stasis . | . Rewire . | . Trap . | . Miscellaneous . | . Route ------- -11/Scrapyard (discovered 1 exit: [*Mat]) History --------- Turn | Location | Event 7 | -11/Scrapyard | Discovered new exit (range 15) 477 | -11/Scrapyard | Assembled infested the area 526 | -11/Scrapyard | Released all parts (6) 537 | -11/Scrapyard | Core integrity fell below 50% 550 | -11/Scrapyard | Core integrity fell below 20% 566 | -11/Scrapyard | Destroyed by as-08232 with Assembled F-torch Last Messages --------------- 00515_ T-07 Excavator destroyed. 00521_ Acquired 20 matter. 00526_ Released Sml. Storage Unit. 00526_ Released Lgt. Treads. 00526_ Released Sml. Laser. 00526_ Released Wheel. 00526_ Released Ion Engine. 00526_ Released Mining Laser. 00527_ Acquired 10 matter. 00531_ Com. Wheel destroyed. 00532_ Acquired Cmb. Airjet. 00533_ Knocked back. 00535_ Acquired Cmb. Airjet. 00536_ Dropped Ion Engine. 00537_ Acquired Lgt. Deuterium Engine. 00542_ Lgt. Treads destroyed. 00548_ Acquired 7 matter. 00549_ Acquired Seismic Detector. 00561_ Sml. Laser destroyed. 00565_ Lgt. Deuterium Engine destroyed. Map ----- +----------------------------------------------------+ | | | | | | | | | | | | | ?????????????????????????????????????????????????? | | ?????????????????????????????????????????????????? | | ?????????????????????????????????????????????????? | | ?????????????????????????????????????????????????? | | ?????????????????????????????????????????????????? | | ?????????????????????####?###????????????????????? | | ????????????????????## "## ##???????????????????? | | ????????????????????# " #???????????????????? | | ????????????????????# " #???????????????????? | | ????????????????????# " #???????????????????? | | ?????????????????????# " #???????????????????? | | ?????????????????????# " #???????????????????? | | ?????????????????????# ###???????????????????? | | ?????????????????????### ##?????????????????????? | | ???????????????????????# |#??????????????????????? | | ???????????????????????#aa###????????????????????? | | ???????????????????????# # #????????????????????? | | ???????????????????????#a #????????????????????? | | ??????????????????????## # #????????????????????? | | ??????????????????????# @###????????????????????? | | ??????????????????????## #??????????????????????? | | ???????????????????????#aa#??????????????????????? | | ???????????????????????# #??????????????????????? | | ???????????????????????# #??????????????????????? | | ???????????????????????# #??????????????????????? | | ???????????????????????# #??????????????????????? | | ???????????????????????# #??????????????????????? | | ????????????????????####a%###????????????????????? | | ????????????????????# % #????????????????????? | | ???????????????????## #????????????????????? | | ???????????????????# ##???????????????????? | | ???????????????????# % # #???????????????????? | | ???????????????????# #aa # #???????????????????? | | ??????????????##???# #!*# #???????????????????? | | ??????????????# ??# % ##???????????????????? | | ??????????????# ### # #???????????????????? | | ??????????????# ! # #???????????????????? | | ??????????????## =% ]%* ##???????????????????? | | ???????########### # # ###????????????????????? | | ???????# =!## ##??????????????????????? | | ???????# |%#?# #???????????????????????? | | ???????# *#?# #???????????????????????? | | ???????# #?# *#???????????????????????? | | ???????# ##?#[=#???????????????????????? | +----------------------------------------------------+ Best States ------------- Heat Dissipation 25 Energy Generation 14 Energy Capacity 250 Matter Stores 300 Matter Capacity 300 Sight Range 16 Terrain Scan Density 10 Evasion (%) 50 Item Schematics ----------------- None Robot Schematics ------------------ None Fabricated ------------ Nothing Alien Tech Used ----------------- None Achievements -------------- None Challenges ------------ None Game ------ Seed AluminumTargetingDoomcannon Manual? 0 Play Time 00:07:44 Cumulative 101.9 hours Start 2024.12.31 @ 15:53:24 End 2024.12.31 @ 15:57:20 Sessions 0 Manual Loads 0 Difficulty Rogue Special Mode None Game No. 121 Rogue 121 Adventurer 0 Explorer 0 Win Type - Total 1 Types 1/0/0/0/0/0/0/0/0 Lore% 40 Gallery% 63 Achievement% 50 Wizard Run 0 Options --------- Layout 1 ASCII 0 Keyboard 0 Movement Numpad Keybinds 0 Fullscreen 1 Font 24/Smallcaps Map View 50x35 Zoom Use 0% Tactical HUD 1 Map Filters NONE Filters NONE Steam 1 RUN: 338aadaa-4f96-4a52-886b-5faaf520dac0